[Event "Slovenian chT 2019"]
[Site "Slovenia"]
[Date "2019.11.23"]
[Round "5"]
[White "Ruck, Robert"]
[Black "Tomazini, Zan"]
[Result "1/2-1/2"]
[ECO "D78"]
[WhiteElo "2526"]
[BlackElo "2359"]
[Annotator "ChessBase"]
[PlyCount "63"]
[EventDate "2019.??.??"]
[EventCountry "SLO"]
[SourceTitle "playchess.com"]
[Source "ChessBase"]
[SourceQuality "1"]
[TimeControl "40/5400+30:1800+30"]

1. Nf3 Nf6 2. g3 g6 3. Bg2 Bg7 4. O-O O-O 5. d4 d5 6. Nbd2 c6 7. c4 Nbd7 8. b3 b6 9. Bb2 Bb7 10. Rc1 Rc8 11. cxd5 cxd5 12. Rxc8 Qxc8 13. Qb1 Qb8 14. Rc1 Rc8 15. Ba3 e6 16. e3 Rc6 17. Rxc6 Bxc6 18. Qc2 Bb7 19. Bf1 Bf8 20. Bxf8 Kxf8 21. Qc3 Qd6 22. Ne5 Kg7 23. Bb5 Nb8 24. b4 Nfd7 25. Nxd7 Nxd7 26. a3 Nb8 27. Nf3 Bc6 28. Bd3 f6 29. Kf1 Bb7 30. Ke1 Qc6 31. Qxc6 Nxc6 32. Bb5 1/2-1/2

[Event "Slovenian chT 2019"]
[Site "Slovenia"]
[Date "2019.11.23"]
[Round "5"]
[White "Beliavsky, Alexander G"]
[Black "Kovacevic, Blazimir"]
[Result "1/2-1/2"]
[ECO "E08"]
[WhiteElo "2519"]
[BlackElo "2453"]
[Annotator "ChessBase"]
[PlyCount "60"]
[EventDate "2019.??.??"]
[EventCountry "SLO"]
[SourceTitle "playchess.com"]
[Source "ChessBase"]
[SourceQuality "1"]
[TimeControl "40/5400+30:1800+30"]

1. d4 e6 2. g3 d5 3. Bg2 Nf6 4. Nf3 Be7 5. c4 O-O 6. O-O c6 7. b3 b6 8. Nc3 Bb7 9. Bb2 Nbd7 10. Qc2 Rc8 11. Rad1 c5 12. dxc5 dxc4 13. b4 bxc5 14. b5 Qc7 15. e4 Ng4 16. Nd2 Rfd8 17. Nxc4 Nge5 18. b6 Qc6 19. Nd5 exd5 20. exd5 Qg6 21. Qxg6 Nxg6 22. d6 Bxg2 23. dxe7 Nxe7 24. Kxg2 Nxb6 25. Rxd8+ Rxd8 26. Rc1 Na4 27. Be5 f6 28. Nb2 Nb6 29. Bf4 Ned5 30. Rxc5 Nxf4+ 1/2-1/2

[Event "Slovenian chT 2019"]
[Site "Slovenia"]
[Date "2019.11.23"]
[Round "5"]
[White "Aczel, Gergely"]
[Black "Markoja, Boris"]
[Result "1/2-1/2"]
[ECO "A18"]
[WhiteElo "2515"]
[BlackElo "2445"]
[Annotator "RC"]
[PlyCount "66"]
[EventDate "2019.??.??"]
[EventCountry "SLO"]
[SourceTitle "playchess.com"]
[Source "ChessBase"]
[SourceQuality "1"]
[TimeControl "40/5400+30:1800+30"]

1. c4 Nf6 2. Nc3 e6 3. e4 d5 4. e5 d4 5. exf6 dxc3 6. bxc3 Qxf6 7. d4 b6 8. Be2 Bb7 9. Bf3 Bxf3 10. Nxf3 Bd6 11. Qa4+ c6 12. Ba3 Qe7 13. Bxd6 Qxd6 14. O-O Nd7 15. Rfd1 O-O 16. Qb3 Qc7 17. a4 Rab8 18. h3 Rfd8 19. Qa3 c5 20. Qa2 Nf6 21. Qe2 Rbc8 22. Ne5 cxd4 23. cxd4 Nd7 24. Nxd7 Rxd7 25. a5 h6 26. axb6 axb6 27. Ra4 Rd6 28. Rb4 Rcd8 29. Qe5 Qd7 30. d5 exd5 31. cxd5 Rxd5 32. Rxd5 Qxd5 33. Qxd5 Rxd5 1/2-1/2

[Event "Slovenian chT 2019"]
[Site "Slovenia"]
[Date "2019.11.23"]
[Round "5"]
[White "Sebenik, Matej"]
[Black "Hiti, Domen"]
[Result "1-0"]
[ECO "A84"]
[WhiteElo "2512"]
[BlackElo "2251"]
[Annotator "ChessBase"]
[PlyCount "69"]
[EventDate "2019.??.??"]
[EventCountry "SLO"]
[SourceTitle "playchess.com"]
[Source "ChessBase"]
[SourceQuality "1"]
[TimeControl "40/5400+30:1800+30"]

1. d4 d5 2. c4 c6 3. Nf3 e6 4. e3 Bd6 5. Bd3 f5 6. O-O Nf6 7. b3 Qe7 8. Bb2 O-O 9. Nc3 Ne4 10. Ne2 Nd7 11. Rc1 Rf6 12. Ne5 Rh6 13. h3 Nxe5 14. dxe5 Bc5 15. Bd4 Ba3 16. Rc2 Bd7 17. Nf4 Be8 18. f3 Ng3 19. Rff2 g5 20. Ne2 Nxe2+ 21. Qxe2 dxc4 22. Bxc4 Rg6 23. g4 fxg4 24. fxg4 b5 25. Bd3 Rg7 26. Rf6 Rd8 27. Be4 c5 28. Bc3 a6 29. Qf3 b4 30. Be1 Bb5 31. h4 gxh4 32. Bxh4 Qd7 33. Kh2 Qc8 34. Rf2 h5 35. Rf7 1-0

[Event "Slovenian chT 2019"]
[Site "Slovenia"]
[Date "2019.11.23"]
[Round "5"]
[White "Mohr, Georg"]
[Black "Skuhala, Jernej"]
[Result "1/2-1/2"]
[ECO "A13"]
[WhiteElo "2437"]
[BlackElo "2266"]
[Annotator "NA"]
[PlyCount "80"]
[EventDate "2019.??.??"]
[EventCountry "SLO"]
[SourceTitle "playchess.com"]
[Source "ChessBase"]
[SourceQuality "1"]
[TimeControl "40/5400+30:1800+30"]

1. Nf3 Nf6 2. c4 e6 3. g3 d5 4. Bg2 d4 5. e3 c5 6. exd4 cxd4 7. O-O Nc6 8. Re1 Bc5 9. d3 O-O 10. Na3 Re8 11. Nc2 a5 12. Ne5 Nxe5 13. Rxe5 Nd7 14. Re1 e5 15. Bd2 Nf6 16. a3 a4 17. Nb4 Qb6 18. h3 Bd7 19. Qf3 Bxb4 20. axb4 Bc6 21. Qf5 Bxg2 22. Kxg2 Qc6+ 23. Qf3 e4 24. dxe4 Nxe4 25. b5 Qe6 26. Qd3 Qxh3+ 27. Kg1 Nc5 28. Qf3 Nb3 29. Rxe8+ Rxe8 30. Re1 Rxe1+ 31. Bxe1 Qe6 32. Qxb7 Qxe1+ 33. Kg2 g6 34. b6 Nd2 35. Qb8+ Kg7 36. Qf4 Qf1+ 37. Kh2 Qd1 38. Qxd4+ Kg8 39. Qd8+ Kg7 40. Qd4+ Kg8 1/2-1/2

[Event "Slovenian chT 2019"]
[Site "Slovenia"]
[Date "2019.11.23"]
[Round "5"]
[White "Drnovsek, Gal"]
[Black "Dobrovoljc, Vid"]
[Result "1/2-1/2"]
[ECO "D10"]
[WhiteElo "2394"]
[BlackElo "2370"]
[Annotator "NA"]
[PlyCount "83"]
[EventDate "2019.??.??"]
[EventCountry "SLO"]
[SourceTitle "playchess.com"]
[Source "ChessBase"]
[SourceQuality "1"]
[TimeControl "40/5400+30:1800+30"]

1. d4 d5 2. c4 c6 3. cxd5 cxd5 4. Bf4 Nc6 5. e3 Nf6 6. Nc3 Bf5 7. Qb3 Na5 8. Qa4+ Bd7 9. Bb5 e6 10. Nf3 a6 11. Bxd7+ Nxd7 12. O-O Be7 13. Rfc1 Nc4 14. Qc2 O-O 15. b3 Na3 16. Qb2 Qa5 17. Na4 b5 18. Nc5 Nxc5 19. dxc5 b4 20. c6 Rfc8 21. Qd2 Qb6 22. e4 dxe4 23. Ne5 Nb5 24. Nd7 Qd4 25. Qe1 Nc3 26. Be5 Qa7 27. Bxc3 Rxc6 28. Bxb4 Bxb4 29. Qxe4 Rxc1+ 30. Rxc1 Rd8 31. Qxb4 Qxd7 32. g3 h6 33. Qe4 Qb5 34. Kg2 Qa5 35. Rc2 g6 36. b4 Qd5 37. Qxd5 Rxd5 38. Rc8+ Kg7 39. Ra8 Rd6 40. a4 Rb6 41. a5 Rxb4 42. Rxa6 1/2-1/2

[Event "Slovenian chT 2019"]
[Site "Slovenia"]
[Date "2019.11.23"]
[Round "5"]
[White "Tomazini, Aljosa"]
[Black "Tratar, Marko"]
[Result "1/2-1/2"]
[ECO "C01"]
[WhiteElo "2388"]
[BlackElo "2443"]
[Annotator "NA"]
[PlyCount "60"]
[EventDate "2019.??.??"]
[EventCountry "SLO"]
[SourceTitle "playchess.com"]
[Source "ChessBase"]
[SourceQuality "1"]
[TimeControl "40/5400+30:1800+30"]

1. e4 e6 2. d4 d5 3. exd5 exd5 4. Nf3 Nf6 5. Bd3 Bd6 6. Qe2+ Qe7 7. Qxe7+ Kxe7 8. O-O Re8 9. Re1+ Kf8 10. Rxe8+ Kxe8 11. Bg5 Nbd7 12. Nbd2 h6 13. Bh4 c6 14. Bg3 Bxg3 15. hxg3 Nb6 16. Re1+ Kf8 17. Nh4 Bd7 18. b3 Re8 19. Rxe8+ Nxe8 20. Bf5 Nd6 21. Bxd7 Nxd7 22. Nhf3 Ke7 23. Kf1 f6 24. Ke2 Nf8 25. Kd3 Nf7 26. c3 Nd6 27. Ng5 hxg5 28. g4 b6 29. f3 Ke6 30. Nf1 Kd7 1/2-1/2

[Event "Slovenian chT 2019"]
[Site "Slovenia"]
[Date "2019.11.23"]
[Round "5"]
[White "Jelen, Igor"]
[Black "Lenic, Luka"]
[Result "0-1"]
[ECO "E43"]
[WhiteElo "2350"]
[BlackElo "2633"]
[Annotator "ChessBase"]
[PlyCount "102"]
[EventDate "2019.??.??"]
[EventCountry "SLO"]
[SourceTitle "playchess.com"]
[Source "ChessBase"]
[SourceQuality "1"]
[TimeControl "40/5400+30:1800+30"]

1. d4 Nf6 2. c4 e6 3. Nc3 Bb4 4. e3 O-O 5. Bd3 c5 6. Nf3 b6 7. O-O Bb7 8. Na4 cxd4 9. exd4 Re8 10. Bf4 Bf8 11. Re1 d6 12. h3 Nbd7 13. Rc1 Rc8 14. Nc3 a6 15. Bh2 g6 16. Bf1 Rc7 17. b4 Rc8 18. a3 Nh5 19. Rc2 Ndf6 20. Nd2 Ng7 21. Nb3 Nf5 22. a4 h5 23. a5 Ba8 24. Na4 Nd7 25. axb6 Nxb6 26. Nb2 Bg7 27. Qd2 Qh4 28. Bf4 Qe7 29. Bg5 Qb7 30. Na5 Qb8 31. Nb3 Bb7 32. Rcc1 Nd7 33. Ra1 Nf6 34. Qd3 Ne4 35. Bc1 Ba8 36. Rxe4 Bxe4 37. Qxe4 Qxb4 38. Nd2 Bxd4 39. Nd3 Qb6 40. Rb1 Qc6 41. g4 hxg4 42. Qxc6 Rxc6 43. hxg4 Ne7 44. Nb4 Rb6 45. c5 Bxc5 46. Nxa6 Rxb1 47. Nxb1 Bb6 48. Nb4 Rb8 49. Nd3 Bxf2+ 50. Nxf2 Rxb1 51. Ba3 Nd5 0-1

[Event "Slovenian chT 2019"]
[Site "Slovenia"]
[Date "2019.11.23"]
[Round "5"]
[White "Gjuran, Denis"]
[Black "Mikhalchishin, Adrian"]
[Result "1/2-1/2"]
[ECO "C55"]
[WhiteElo "2331"]
[BlackElo "2467"]
[Annotator "ChessBase"]
[PlyCount "38"]
[EventDate "2019.??.??"]
[EventCountry "SLO"]
[SourceTitle "playchess.com"]
[Source "ChessBase"]
[SourceQuality "1"]
[TimeControl "40/5400+30:1800+30"]

1. e4 e5 2. Nf3 Nc6 3. Bc4 Nf6 4. d3 h6 5. O-O d6 6. c3 g5 7. Re1 Bg7 8. d4 O-O 9. dxe5 dxe5 10. Qxd8 Rxd8 11. Nbd2 Ne8 12. Nf1 Nd6 13. Bb3 Ne7 14. h4 g4 15. N3h2 Ne8 16. Ne3 Nf6 17. Nc4 Ne8 18. Ne3 Nf6 19. Nc4 Ne8 1/2-1/2

[Event "Slovenian chT 2019"]
[Site "Slovenia"]
[Date "2019.11.23"]
[Round "5"]
[White "Bratkovic, Jakob"]
[Black "Antal, Tibor Kende"]
[Result "0-1"]
[ECO "B94"]
[WhiteElo "2308"]
[BlackElo "2424"]
[Annotator "NA RC"]
[PlyCount "50"]
[EventDate "2019.??.??"]
[EventCountry "SLO"]
[SourceTitle "playchess.com"]
[Source "ChessBase"]
[SourceQuality "1"]
[TimeControl "40/5400+30:1800+30"]

1. e4 c5 2. Nf3 d6 3. d4 cxd4 4. Nxd4 Nf6 5. Nc3 a6 6. Bg5 Nbd7 7. Qe2 Qc7 8. f4 b5 9. g4 Bb7 10. Bg2 e6 11. O-O-O Be7 12. a3 Rc8 13. h4 Qc4 14. Qd2 b4 15. axb4 Qxb4 16. e5 Bxg2 17. Qxg2 dxe5 18. Bxf6 Bxf6 19. Ndb5 axb5 20. Rxd7 exf4 21. Qb7 O-O 22. Rxf7 Bxc3 23. Rxf8+ Rxf8 24. bxc3 Qxc3 25. Qxb5 Ra8 0-1

[Event "Slovenian chT 2019"]
[Site "Slovenia"]
[Date "2019.11.23"]
[Round "5"]
[White "Trussevich, Sergey"]
[Black "Rozic, Samo"]
[Result "0-1"]
[ECO "A81"]
[WhiteElo "2274"]
[BlackElo "2205"]
[Annotator "ChessBase"]
[PlyCount "118"]
[EventDate "2019.??.??"]
[EventCountry "SLO"]
[SourceTitle "playchess.com"]
[Source "ChessBase"]
[SourceQuality "1"]
[TimeControl "40/5400+30:1800+30"]

1. d4 f5 2. g3 Nf6 3. Bg2 g6 4. Nf3 Bg7 5. Nc3 O-O 6. O-O d6 7. Qd3 d5 8. Ne5 c6 9. f3 Nfd7 10. f4 Nxe5 11. fxe5 e6 12. Nd1 Qb6 13. Kh1 c5 14. e3 Bd7 15. a4 Nc6 16. c3 c4 17. Qe2 Na5 18. Bd2 Nb3 19. a5 Nxa5 20. Be1 Nb3 21. Rb1 Qd8 22. Nf2 a5 23. Nh3 Qe7 24. g4 fxg4 25. Rxf8+ Rxf8 26. Qxg4 Qf7 27. Nf4 Qf5 28. Qxf5 gxf5 29. Nxd5 exd5 30. Bxd5+ Kh8 31. Bxc4 a4 32. e6 Be8 33. d5 Bh6 34. Bxb3 axb3 35. Bg3 Bxe3 36. Be5+ Kg8 37. h3 Bb5 38. Re1 Bc5 39. d6 Rd8 40. d7 Bxd7 41. exd7 Rxd7 42. Rf1 Rd2 43. c4 Bf2 44. Bc3 Rc2 45. Rd1 Bg3 46. Rd7 f4 47. Rxb7 Kf8 48. Rxb3 Ke7 49. c5 Ke6 50. Rb6+ Kd5 51. Rd6+ Ke4 52. Rd2 Rxd2 53. Bxd2 f3 54. Kg1 Kd3 55. Kf1 Kxd2 56. b4 Kc3 57. b5 Kd4 58. b6 Kxc5 59. b7 Kd4 0-1

[Event "Slovenian chT 2019"]
[Site "Slovenia"]
[Date "2019.11.23"]
[Round "5"]
[White "Markun, Bostjan"]
[Black "Kastelic, Marian"]
[Result "1/2-1/2"]
[ECO "C60"]
[WhiteElo "2260"]
[BlackElo "2248"]
[Annotator "NA"]
[PlyCount "89"]
[EventDate "2019.??.??"]
[EventCountry "SLO"]
[SourceTitle "playchess.com"]
[Source "ChessBase"]
[SourceQuality "1"]
[TimeControl "40/5400+30:1800+30"]

1. e4 e5 2. Nf3 Nc6 3. Bb5 Nge7 4. Nc3 Ng6 5. d4 exd4 6. Nxd4 a6 7. Ba4 Bc5 8. Be3 Nxd4 9. Bxd4 Bxd4 10. Qxd4 O-O 11. O-O d6 12. Qd2 f5 13. f4 Kh8 14. Rae1 fxe4 15. Nxe4 Bf5 16. Ng3 Qf6 17. c3 Rad8 18. Nxf5 Qxf5 19. Bc2 Qf7 20. Bb3 d5 21. f5 Ne7 22. Bc2 Ng8 23. Re6 c6 24. Rfe1 Qc7 25. Qe3 Rf6 26. b3 Rdf8 27. h3 Rxe6 28. Qxe6 Qa5 29. Qe5 Qxa2 30. Re2 Qa3 31. Qc7 Qa1+ 32. Kh2 Qxc3 33. Qxb7 a5 34. Qd7 h6 35. Qd6 Ra8 36. Qg6 Nf6 37. Re7 Rg8 38. Bd1 Qb4 39. Re6 Qf4+ 40. Qg3 Qxf5 41. Rxc6 Ne4 42. Qc7 Nd2 43. Bg4 Qf2 44. Qe5 Qd4 45. Qc7 1/2-1/2

[Event "Slovenian chT 2019"]
[Site "Slovenia"]
[Date "2019.11.23"]
[Round "5"]
[White "Gombac, Jan"]
[Black "Polajzer, Danilo"]
[Result "0-1"]
[ECO "A41"]
[WhiteElo "2246"]
[BlackElo "2207"]
[Annotator "ChessBase"]
[PlyCount "134"]
[EventDate "2019.??.??"]
[EventCountry "SLO"]
[SourceTitle "playchess.com"]
[Source "ChessBase"]
[SourceQuality "1"]
[TimeControl "40/5400+30:1800+30"]

1. d4 g6 2. c4 d6 3. Nf3 Bg7 4. Nc3 Bg4 5. e3 c5 6. d5 Bxc3+ 7. bxc3 Nf6 8. Be2 Qa5 9. Qb3 Nbd7 10. O-O O-O 11. a4 Ne4 12. Ra3 Rab8 13. Qc2 f5 14. h3 Bxf3 15. Bxf3 Ne5 16. Be2 Qc7 17. Kh2 Rbe8 18. f3 Nf6 19. e4 fxe4 20. fxe4 e6 21. Ra1 Qe7 22. Bf4 exd5 23. exd5 Rf7 24. Bg3 Ref8 25. Rf2 Nfd7 26. Raf1 Rxf2 27. Rxf2 Rxf2 28. Bxf2 Qg5 29. Bg3 b6 30. Qe4 Qf5 31. Qh4 g5 32. Qh6 Nf6 33. Bh5 Nxc4 34. Bg4 Nxg4+ 35. hxg4 Qg6 36. Qh3 Kg7 37. Kh1 Qh6 38. Kg1 Qxh3 39. gxh3 Kf6 40. Kf2 Ke7 41. Ke2 a6 42. h4 h6 43. Kd3 b5 44. axb5 axb5 45. hxg5 hxg5 46. Ke4 Kf6 47. Bh2 Nd2+ 48. Kd3 Nc4 49. Ke4 Ne5 50. Bg3 b4 51. cxb4 cxb4 52. Kd4 Ke7 53. Bf2 b3 54. Kc3 b2 55. Kc2 Nxg4 56. Bd4 Nf6 57. Bxb2 Nxd5 58. Kd3 Ke6 59. Ke4 Nf6+ 60. Kd4 g4 61. Ke3 Kf5 62. Bd4 Nd5+ 63. Kf2 Kf4 64. Ba7 g3+ 65. Kg1 Kf3 66. Bb8 Nf4 67. Bxd6 Ne2+ 0-1

[Event "Slovenian chT 2019"]
[Site "Slovenia"]
[Date "2019.11.23"]
[Round "5"]
[White "Suta, Andraz"]
[Black "Urbanc, Peter"]
[Result "1-0"]
[ECO "B00"]
[WhiteElo "2242"]
[BlackElo "2212"]
[Annotator "NA"]
[PlyCount "86"]
[EventDate "2019.??.??"]
[EventCountry "SLO"]
[SourceTitle "playchess.com"]
[Source "ChessBase"]
[SourceQuality "1"]
[TimeControl "40/5400+30:1800+30"]

1. e4 b6 2. d4 Bb7 3. Bd3 e6 4. Qe2 c5 5. c3 cxd4 6. cxd4 Nf6 7. Bg5 h6 8. Bd2 d5 9. e5 Ne4 10. Nc3 Nxd2 11. Qxd2 Ba6 12. Nf3 Be7 13. O-O O-O 14. Rac1 Bxd3 15. Qxd3 Nc6 16. a3 Na5 17. Nd2 Rc8 18. Ne2 Qd7 19. b4 Nc6 20. f4 g6 21. g4 Kh7 22. Nf3 Nb8 23. Ng3 Rxc1 24. Rxc1 Rc8 25. Rc3 Rxc3 26. Qxc3 Qc6 27. Qxc6 Nxc6 28. Ne2 Kg7 29. Nc3 Kf8 30. Kf2 Ke8 31. Ke3 Kd7 32. h4 Nxb4 33. axb4 Bxb4 34. Kd3 Kc6 35. h5 gxh5 36. gxh5 Be7 37. Ng5 hxg5 38. h6 Bf8 39. fxg5 Kd7 40. Ne2 Ke7 41. Nf4 Bxh6 42. gxh6 Kf8 43. Nh3 Kg8 1-0

[Event "Slovenian chT 2019"]
[Site "Slovenia"]
[Date "2019.11.23"]
[Round "5"]
[White "Zupancic, Jernej"]
[Black "Zvan, Ziga"]
[Result "1/2-1/2"]
[ECO "E11"]
[WhiteElo "2240"]
[BlackElo "2249"]
[Annotator "NA"]
[PlyCount "53"]
[EventDate "2019.??.??"]
[EventCountry "SLO"]
[SourceTitle "playchess.com"]
[Source "ChessBase"]
[SourceQuality "1"]
[TimeControl "40/5400+30:1800+30"]

1. Nf3 Nf6 2. c4 Nc6 3. d4 e6 4. g3 Bb4+ 5. Bd2 Qe7 6. Bg2 Bxd2+ 7. Nbxd2 d6 8. O-O O-O 9. e4 e5 10. d5 Nb8 11. b4 a5 12. a3 Na6 13. Rb1 Bd7 14. Qc2 axb4 15. axb4 c5 16. bxc5 Nxc5 17. Rb6 Ra7 18. Rfb1 Rfa8 19. Ne1 Ra2 20. R6b2 R2a3 21. Rb6 Ra2 22. R6b2 R2a3 23. Rb6 Ra2 24. R6b2 R2a3 25. f3 Be8 26. Bf1 Qc7 27. Qd1 1/2-1/2

[Event "Slovenian chT 2019"]
[Site "Slovenia"]
[Date "2019.11.23"]
[Round "5"]
[White "Zupe, Miran"]
[Black "Podkriznik, Gregor"]
[Result "1/2-1/2"]
[ECO "A30"]
[WhiteElo "2236"]
[BlackElo "2408"]
[Annotator "NA"]
[PlyCount "69"]
[EventDate "2019.??.??"]
[EventCountry "SLO"]
[SourceTitle "playchess.com"]
[Source "ChessBase"]
[SourceQuality "1"]
[TimeControl "40/5400+30:1800+30"]

1. g3 g6 2. Bg2 Bg7 3. Nf3 Nf6 4. O-O O-O 5. c4 c5 6. Nc3 Nc6 7. b3 b6 8. Bb2 Bb7 9. d3 d6 10. a3 a6 11. e3 e6 12. Qe2 Qe7 13. Rfd1 Rfd8 14. Rac1 Rac8 15. h3 d5 16. Kh2 dxc4 17. dxc4 Rxd1 18. Rxd1 Rd8 19. Rxd8+ Qxd8 20. Qc2 Qd7 21. Na4 Qc7 22. Ne1 Nd8 23. Bc3 Bxg2 24. Kxg2 Qc6+ 25. f3 Ne8 26. Bxg7 Nxg7 27. Nc3 Nf5 28. Qd3 Qd6 29. Qxd6 Nxd6 30. e4 f6 31. Kf2 Nc6 32. Na4 Kf7 33. Nd3 Na5 34. Nxb6 Nxb3 35. Nxc5 1/2-1/2

[Event "Slovenian chT 2019"]
[Site "Slovenia"]
[Date "2019.11.23"]
[Round "5"]
[White "Titan, Matej"]
[Black "Sakelsek, Tadej"]
[Result "1/2-1/2"]
[ECO "D38"]
[WhiteElo "2229"]
[BlackElo "2422"]
[Annotator "NA"]
[PlyCount "45"]
[EventDate "2019.??.??"]
[EventCountry "SLO"]
[SourceTitle "playchess.com"]
[Source "ChessBase"]
[SourceQuality "1"]
[TimeControl "40/5400+30:1800+30"]

1. d4 Nf6 2. c4 e6 3. Nf3 d5 4. Nc3 Bb4 5. Bg5 h6 6. Bxf6 Qxf6 7. e3 O-O 8. Rc1 Nd7 9. a3 Bxc3+ 10. Rxc3 c6 11. Qc2 Re8 12. Be2 dxc4 13. Bxc4 e5 14. dxe5 Nxe5 15. Nxe5 Qxe5 16. O-O Be6 17. Bxe6 Rxe6 18. Rd1 Rae8 19. Rd7 R8e7 20. Rd8+ Re8 21. Rd7 R8e7 22. Rd8+ Re8 23. Rd7 1/2-1/2

[Event "Slovenian chT 2019"]
[Site "Slovenia"]
[Date "2019.11.23"]
[Round "5"]
[White "Zirkelbach, Maj"]
[Black "Mazi, Leon"]
[Result "1/2-1/2"]
[ECO "D27"]
[WhiteElo "2221"]
[BlackElo "2326"]
[Annotator "ChessBase"]
[PlyCount "162"]
[EventDate "2019.??.??"]
[EventCountry "SLO"]
[SourceTitle "playchess.com"]
[Source "ChessBase"]
[SourceQuality "1"]
[TimeControl "40/5400+30:1800+30"]

1. d4 d5 2. c4 dxc4 3. Nf3 Nf6 4. e3 c5 5. Bxc4 e6 6. O-O a6 7. b3 b5 8. Be2 Bb7 9. dxc5 Bxc5 10. Qxd8+ Kxd8 11. Bb2 Nbd7 12. Nbd2 Ke7 13. a4 bxa4 14. Rxa4 Nb6 15. Ra2 Bb4 16. Bd4 Nbd5 17. Nc4 Ne4 18. Rc2 f6 19. Rfc1 e5 20. Bb2 Rad8 21. Ne1 Kf7 22. Nd3 Be7 23. f3 Ng5 24. Na5 Ba8 25. e4 Nb6 26. Rc7 Ne6 27. Ra7 Rc8 28. Rxa6 Rxc1+ 29. Bxc1 Nd7 30. Be3 Rb8 31. Ra7 Ke8 32. b4 Bd8 33. Nc5 Bb6 34. Ra6 Nexc5 35. bxc5 Bxc5 36. Bxc5 Nxc5 37. Ra7 Kf8 38. Bc4 Bb7 39. Kf2 Ra8 40. Rxb7 Nxb7 41. Nxb7 Ke7 42. Bd5 Ra1 43. Nc5 Rc1 44. Ne6 Rc2+ 45. Kg3 g6 46. h4 Rc8 47. h5 Rc1 48. f4 Kd6 49. Nf8 Rc3+ 50. Kg4 f5+ 51. Kg5 Rg3+ 52. Kf6 exf4 53. h6 f3 54. gxf3 Rxf3 55. Kg7 Rh3 56. Nxh7 Ke5 57. Ng5 Rxh6 58. Kxh6 fxe4 59. Bxe4 Kf6 60. Bxg6 Ke5 61. Kg7 Kd6 62. Kf6 Kd5 63. Nf3 Kd6 64. Bf7 Kc5 65. Ke5 Kb4 66. Kd4 Ka3 67. Ne1 Kb2 68. Bc4 Kb1 69. Kc3 Ka1 70. Bb3 Kb1 71. Nc2 Kc1 72. Ba2 Kd1 73. Bc4 Kc1 74. Nd4 Kb1 75. Bb3 Ka1 76. Bd5 Kb1 77. Nb3 Ka2 78. Be4 Ka3 79. Bb1 Ka4 80. Bd3 Ka3 81. Nc1 Ka4 1/2-1/2

[Event "Slovenian chT 2019"]
[Site "Slovenia"]
[Date "2019.11.23"]
[Round "5"]
[White "Marn, Jan"]
[Black "Gruskovnjak, Tomislav"]
[Result "1/2-1/2"]
[ECO "E46"]
[WhiteElo "2217"]
[BlackElo "2258"]
[Annotator "NA"]
[PlyCount "115"]
[EventDate "2019.??.??"]
[EventCountry "SLO"]
[SourceTitle "playchess.com"]
[Source "ChessBase"]
[SourceQuality "1"]
[TimeControl "40/5400+30:1800+30"]

1. d4 Nf6 2. c4 e6 3. Nc3 Bb4 4. e3 O-O 5. Nge2 Re8 6. a3 Bf8 7. g3 d5 8. b3 dxc4 9. bxc4 c5 10. Bg2 Nc6 11. O-O Na5 12. Qd3 e5 13. d5 b6 14. e4 Ba6 15. Nb5 Bxb5 16. cxb5 c4 17. Qc3 Bc5 18. Be3 Qd6 19. Bxc5 Qxc5 20. Qb4 Nb7 21. Nc3 a6 22. Rfb1 a5 23. Qb2 Nd6 24. Re1 Nd7 25. Bh3 Qc7 26. Bxd7 Qxd7 27. a4 Rac8 28. f3 Rc7 29. Qf2 Rc5 30. Kh1 f6 31. Rad1 Re7 32. f4 Qe8 33. f5 Qf7 34. g4 Kf8 35. Kg2 Ke8 36. Kf1 Kd7 37. Ke2 Kc7 38. Kd2 Kb7 39. Kc2 Rc8 40. h4 h6 41. Rg1 Rh8 42. Rg2 Rd7 43. Qe3 Qe7 44. h5 Ka7 45. Rgd2 Rc8 46. Rb1 Qd8 47. Kd1 Kb7 48. Ke2 Rdc7 49. Rc2 Rc5 50. Rbc1 R8c7 51. Rf1 Rf7 52. Kd1 Rd7 53. Kc1 Rc8 54. Kb1 Ka7 55. Rcf2 Kb7 56. Rf3 Ka7 57. Qf2 Qf8 58. Qe3 1/2-1/2

[Event "Slovenian chT 2019"]
[Site "Slovenia"]
[Date "2019.11.23"]
[Round "5"]
[White "Breznik, Kristijan"]
[Black "Vombek, Dani"]
[Result "1/2-1/2"]
[ECO "B33"]
[WhiteElo "2180"]
[BlackElo "2283"]
[Annotator "NA"]
[PlyCount "33"]
[EventDate "2019.??.??"]
[EventCountry "SLO"]
[SourceTitle "playchess.com"]
[Source "ChessBase"]
[SourceQuality "1"]
[TimeControl "40/5400+30:1800+30"]

1. e4 c5 2. Nf3 Nc6 3. d4 cxd4 4. Nxd4 Nf6 5. Nc3 e5 6. Ndb5 d6 7. Bg5 a6 8. Na3 b5 9. Nd5 Qa5+ 10. Bd2 Qd8 11. Bg5 Qa5+ 12. Bd2 Qd8 13. Bg5 Qa5+ 14. Bd2 Qd8 15. Bg5 Qa5+ 16. Bd2 Qd8 17. Bg5 1/2-1/2

[Event "Slovenian chT 2019"]
[Site "Slovenia"]
[Date "2019.11.23"]
[Round "5"]
[White "Simic, Dragan"]
[Black "Serdt, Simon"]
[Result "1/2-1/2"]
[ECO "D52"]
[WhiteElo "2166"]
[BlackElo "2174"]
[Annotator "NA"]
[PlyCount "61"]
[EventDate "2019.??.??"]
[EventCountry "SLO"]
[SourceTitle "playchess.com"]
[Source "ChessBase"]
[SourceQuality "1"]
[TimeControl "40/5400+30:1800+30"]

1. d4 d5 2. c4 e6 3. Nc3 Nf6 4. Bg5 Nbd7 5. e3 c6 6. Nf3 Qa5 7. Qc2 Ne4 8. Bf4 Be7 9. Nd2 Nxd2 10. Qxd2 O-O 11. Bd3 e5 12. dxe5 dxc4 13. Bxc4 Nxe5 14. Bxe5 Qxe5 15. O-O Rd8 16. Qe2 Be6 17. Bxe6 Qxe6 18. Rfd1 h6 19. Rxd8+ Rxd8 20. Rd1 Rxd1+ 21. Qxd1 Bf6 22. Qd2 Qc4 23. g3 a5 24. Qd7 Bxc3 25. bxc3 Qxa2 26. Qxb7 Qa1+ 27. Kg2 Qxc3 28. Qc8+ Kh7 29. Qf5+ Kg8 30. Qc8+ Kh7 31. Qf5+ 1/2-1/2

[Event "Slovenian chT 2019"]
[Site "Slovenia"]
[Date "2019.11.23"]
[Round "5"]
[White "Janzelj, Lara"]
[Black "Unuk, Laura"]
[Result "0-1"]
[ECO "E12"]
[WhiteElo "2158"]
[BlackElo "2298"]
[Annotator "NA"]
[PlyCount "94"]
[EventDate "2019.??.??"]
[EventCountry "SLO"]
[SourceTitle "playchess.com"]
[Source "ChessBase"]
[SourceQuality "1"]
[TimeControl "40/5400+30:1800+30"]

1. d4 Nf6 2. c4 e6 3. Nf3 b6 4. a3 Bb7 5. Nc3 d5 6. cxd5 Nxd5 7. Qc2 Nxc3 8. bxc3 c5 9. e3 Nd7 10. Bd3 Qc7 11. Be4 cxd4 12. cxd4 Qxc2 13. Bxc2 Rc8 14. Bd3 Bd6 15. Bb2 O-O 16. Ng5 h6 17. Ne4 Be7 18. f3 Rfd8 19. Bb1 b5 20. Kf2 Nb6 21. Bd3 Na4 22. Bc1 a6 23. Bd2 e5 24. Ba5 Rd7 25. Ng3 g6 26. Ne2 Nb2 27. Be4 Bxe4 28. fxe4 Nc4 29. Bb4 Bg5 30. d5 a5 31. Bc3 Bxe3+ 32. Kf3 Bc5 33. Rhb1 Nxa3 34. Rxa3 Bxa3 35. Rxb5 Bd6 36. Rxa5 Kf8 37. Bd2 Kg7 38. g4 Rb7 39. Ra6 Rb3+ 40. Kf2 Bc5+ 41. Ke1 Rb1+ 42. Nc1 Be7 43. d6 Bg5 44. d7 Rcxc1+ 45. Bxc1 Rxc1+ 46. Ke2 Rc2+ 47. Ke1 Rc4 0-1